 Dungeon Crawl Stone Soup version 0.25-b1-46-gb8a1ec05df (webtiles) character file.

Game seed: 10624530322790664360

123 lepoulpe303 the Charmwright (level 5, -6/43 HPs)
             Began as a Gnoll Skald on June 11, 2020.
             Mangled by a gnoll
             ... wielding a +0 halberd
              (13 damage)
             ... on level 2 of the Dungeon.
             The game lasted 00:04:18 (1390 turns).

lepoulpe303 the Charmwright (Gnoll Skald)           Turns: 1390, Time: 00:04:19

Health: -6/43      AC:  6    Str: 14    XL:     5   Next: 7%
Magic:  4/12       EV: 13    Int: 16    God:
Gold:   156        SH:  0    Dex: 14    Spells: 3/14 levels left

rFire    + . .     SeeInvis .   a - +0 falchion
rCold    . . .     Gourm    .   (no shield)
rNeg     . . .     Faith    .   p - +1 ring mail {rF+} {rF+}
rPois    .         Spirit   .   (no helmet)
rElec    .         Reflect  .   (no cloak)
rCorr    .         Harm     .   (no gloves)
MR       .....                  (no boots)
Stlth    +.........             (no amulet)
HPRegen  0.14/turn              W - ring of wizardry {Wiz+}
MPRegen  0.13/turn              (no ring)

@: infused
A: distributed training, fangs 1, strong nose
a: no special abilities


You were on level 2 of the Dungeon.
You were not hungry.

You visited 1 branch of the dungeon, and saw 2 of its levels.

You collected 156 gold pieces.

Inventory:

Hand Weapons
 a - a +0 falchion (weapon)
Missiles
 j - 3 curare-tipped darts (quivered)
Armour
 b - a +0 leather armour
 p - a +1 ring mail of fire resistance (worn) {rF+}
Jewellery
 W - a ring of wizardry (left hand) {Wiz+}
Scrolls
 g - a scroll of enchant weapon {unknown}
 l - a scroll of teleportation {unknown}
 o - a scroll of magic mapping {unknown}
 s - a scroll of enchant armour {unknown}
Potions
 c - a potion of might {unknown}
 d - a potion of brilliance {unknown}
 f - 2 potions of ambrosia {unknown}
 h - a potion of flight {unknown}
 i - a potion of stabbing {unknown}
 k - 2 potions of berserk rage {unknown}
 m - a potion of resistance {unknown}
 q - a potion of haste {unknown}
 r - 2 potions of magic {unknown}
Comestibles
 e - 5 rations


   Skills:
 + Level 4.7 Fighting
 + Level 1.3 Short Blades
 + Level 4.7 Long Blades
 + Level 1.3 Axes
 + Level 1.3 Maces & Flails
 + Level 1.3 Polearms
 + Level 1.3 Staves
 + Level 1.3 Slings
 + Level 1.3 Bows
 + Level 1.3 Crossbows
 + Level 1.3 Throwing
 + Level 2.8 Armour
 + Level 4.7 Dodging
 + Level 1.3 Stealth
 + Level 1.3 Shields
 + Level 1.3 Unarmed Combat
 + Level 5.1 Spellcasting
 + Level 1.0 Conjurations
 + Level 1.0 Hexes
 + Level 5.5 Charms
 + Level 1.0 Summonings
 + Level 1.0 Necromancy
 + Level 1.0 Translocations
 + Level 1.0 Transmutations
 + Level 1.0 Fire Magic
 + Level 1.0 Ice Magic
 + Level 1.0 Air Magic
 + Level 1.0 Earth Magic
 + Level 1.0 Poison Magic
 + Level 1.4 Invocations
 + Level 1.3 Evocations


You had 3 spell levels left.
You knew the following spells:

 Your Spells              Type           Power        Failure   Level  Hunger
a - Infusion              Chrm           ###.         1%          1    None
s - Shroud of Golubria    Chrm/Tloc      ##....       4%          2    #......
z - Spectral Weapon       Hex/Chrm       ##......     9%          3    ###....
A - Ozocubu's Armour      Chrm/Ice       ##......     9%          3    ###....
S - Song of Slaying       Chrm           ###.....     1%          2    #......

Your spell library contained the following spells:

 Spells                   Type           Power        Failure   Level  Hunger


Dungeon Overview and Level Annotations

Branches:
Dungeon (2/15)

Altars:


Innate Abilities, Weirdness & Mutations

Your experience applies equally to all skills.
You have very sharp teeth.
Your uncanny sense of smell can sniff out nearby items.


Message History

You now have 7/11 mp.
You hit the gnoll.
You kill the gnoll!
The gnoll closely misses you.
You hit the gnoll. You bite the gnoll, but do no damage.
The gnoll closely misses you.
You riposte.
You slash the gnoll!
You kill the gnoll!
You have reached level 5!
The gnoll completely misses you.
You regained 2 hp, and now have 14/43 hp.
You now have 5/12 mp.
You closely miss the goblin.
The gnoll hits you from afar with a +0 halberd!
* * * LOW HITPOINT WARNING * * *
The goblin hits you but does no damage.
You take 7 damage, and have 7/43 hp.
You hit the goblin.
You kill the goblin!
The gnoll hits you from afar with a +0 halberd!
You die...

....####
######..<..
#......#
#..........
#......#
#..........
#......#
#..........
#......#
#..........
...##......#
#..........
.......g...#
#......#### #)#
##.###.# #
#@#######.# #.#
#
#.#.....#.###.#
#
#.##.##.#.##..#
#
#.##..#....#..#
#
#.###.#....#..#
# #.#
#.#...##..####
#.#
#.#.....(.....
#.#
#.##.#########
#.#
#......#......


You could see a gnoll.

Levels and vault maps discovered:
D:1:      dpeg_arrival_caged_fury, layout_loops_ring
D:2:      layout_basic

Notes
Turn   | Place    | Note
-------+----------+-------------------------------------------
     0 | D:1      | lepoulpe303 the Gnoll Skald began the quest for the Orb.
     0 | D:1      | Reached XP level 1. HP: 20/20 MP: 6/6
     1 | D:1      | Found a runed translucent door.
    17 | D:1      | Reached XP level 2. HP: 26/26 MP: 7/7
    31 | D:1      | Reached skill level 5 in Spellcasting
    31 | D:1      | Reached XP level 3. HP: 20/31 MP: 1/9
    41 | D:1      | Reached skill level 1 in Invocations
   178 | D:1      | Learned a level 2 spell: Song of Slaying
   181 | D:1      | Learned a level 2 spell: Shroud of Golubria
   341 | D:1      | Identified a +0 club
   389 | D:1      | Identified a +0 club
   394 | D:1      | Reached skill level 1 in Short Blades
   394 | D:1      | Reached skill level 1 in Axes
   394 | D:1      | Reached skill level 1 in Maces & Flails
   394 | D:1      | Reached skill level 1 in Polearms
   394 | D:1      | Reached skill level 1 in Staves
   394 | D:1      | Reached skill level 1 in Slings
   394 | D:1      | Reached skill level 1 in Bows
   394 | D:1      | Reached skill level 1 in Crossbows
   394 | D:1      | Reached skill level 1 in Throwing
   394 | D:1      | Reached skill level 1 in Stealth
   394 | D:1      | Reached skill level 1 in Shields
   394 | D:1      | Reached skill level 1 in Unarmed Combat
   394 | D:1      | Reached skill level 1 in Evocations
   408 | D:1      | Reached XP level 4. HP: 32/38 MP: 11/11
   425 | D:1      | Identified a +0 club
   463 | D:1      | Identified a +0 dagger
   463 | D:1      | Identified an uncursed ring of wizardry
   500 | D:1      | Identified a cursed +0 club
   501 | D:1      | Identified a +0 club
   522 | D:1      | Identified a +0 dagger
   957 | D:2      | Learned a level 3 spell: Ozocubu's Armour
   961 | D:2      | Learned a level 3 spell: Spectral Weapon
  1055 | D:2      | Reached skill level 1 in Conjurations
  1055 | D:2      | Reached skill level 1 in Hexes
  1055 | D:2      | Reached skill level 1 in Summonings
  1055 | D:2      | Reached skill level 1 in Necromancy
  1055 | D:2      | Reached skill level 1 in Translocations
  1055 | D:2      | Reached skill level 1 in Transmutations
  1055 | D:2      | Reached skill level 1 in Fire Magic
  1055 | D:2      | Reached skill level 1 in Ice Magic
  1055 | D:2      | Reached skill level 1 in Air Magic
  1055 | D:2      | Reached skill level 1 in Earth Magic
  1055 | D:2      | Reached skill level 1 in Poison Magic
  1141 | D:2      | Identified a +0 club
  1163 | D:2      | Identified a +1 ring mail of fire resistance (You found it
                  | on level 2 of the Dungeon)
  1297 | D:2      | Identified a +0 club
  1373 | D:2      | Identified a +0 halberd
  1374 | D:2      | Identified a +0 whip
  1374 | D:2      | Identified a +0 whip
  1376 | D:2      | Identified a +0 club
  1388 | D:2      | Reached XP level 5. HP: 14/43 MP: 5/12
  1389 | D:2      | HP: 7/43 [gnoll/+0 halberd (7)]
  1390 | D:2      | Mangled by a gnoll

Table legend:
 A = Turns spent in this place as a percentage of turns spent in the entire game.
 B = Non-inter-level travel turns spent in this place as a percentage of non-inter-level travel turns spent in the entire game.
 C = Inter-level travel turns spent in this place as a percentage of turns spent in this place.
 D = Turns resting spent in this place as a percentage of non-inter-level travel turns spent in this place.
 E = Turns spent auto-exploring this place as a percentage of non-inter-level travel turns spent in this place.
 F = Non-inter-level travel turns spent in this place divided by the number of levels of this place that you've seen.
                   A       B       C       D       E      F
               +-------+-------+-------+-------+-------+----------------------
         Total | 100.0 | 100.0 |   2.4 |  17.8 |  55.6 | 678.5
       Dungeon | 100.0 | 100.0 |   2.4 |  17.8 |  55.6 | 678.5
               +-------+-------+-------+-------+-------+----------------------

Table legend:
 A = Kills in this place as a percentage of kills in entire the game.
 B = Kills by you in this place as a percentage of kills by you in the entire game.
 C = Kills by friends in this place as a percentage of kills by friends in the entire game.
 D = Other kills in this place as a percentage of other kills in the entire game.
 E = Experience gained in this place as a percentage of experience gained in the entire game.
 F = Experience gained in this place divided by the number of levels of this place that you have seen.
                   A       B       C       D       E      F
               +-------+-------+-------+-------+-------+----------------------
         Total | 100.0 | 100.0 |   N/A |   N/A | 100.0 |  88.5
       Dungeon | 100.0 | 100.0 |   N/A |   N/A | 100.0 |  88.5
               +-------+-------+-------+-------+-------+----------------------

Skill      XL: |  1  2  3  4 |
---------------+-------------+-----
Spellcasting   | 5 |  5.1
Invocations    | 1 |  1.4
Short Blades   | 1 |  1.3
Axes           | 1 |  1.3
Maces & Flails | 1 |  1.3
Polearms       | 1 |  1.3
Staves         | 1 |  1.3
Slings         | 1 |  1.3
Bows           | 1 |  1.3
Crossbows      | 1 |  1.3
Throwing       | 1 |  1.3
Stealth        | 1 |  1.3
Shields        | 1 |  1.3
Unarmed Combat | 1 |  1.3
Evocations     | 1 |  1.3
Conjurations   | 1 |  1.0
Hexes          | 1 |  1.0
Summonings     | 1 |  1.0
Necromancy     | 1 |  1.0
Translocations | 1 |  1.0
Transmutations | 1 |  1.0
Fire Magic     | 1 |  1.0
Ice Magic      | 1 |  1.0
Air Magic      | 1 |  1.0
Earth Magic    | 1 |  1.0
Poison Magic   | 1 |  1.0
Fighting       | |  4.7
Long Blades    | |  4.7
Armour         | |  2.8
Dodging        | |  4.7
Charms         | |  5.5

Action                   |  1- 3 |  4- 6 || total
-------------------------+-------+-------++-------
Melee: Falchion          |    69 |    82 ||   151
       Bite              |     5 |    15 ||    20
       Punch             |     1 |       ||     1
 Cast: Infusion          |     2 |     1 ||     3
       Shroud of Golubri |       |     1 ||     1
  Eat: Chunk             |       |     2 ||     2
Armor: Leather armour    |    11 |    18 ||    29
       Ring mail         |       |     3 ||     3
Dodge: Dodged            |    58 |    84 ||   142
       Rpst.: Falchion   |    18 |    30 ||    48

Vanquished Creatures
  2 gnolls (D:2)
  An adder (D:2)
  6 oozes (D:1)
  3 worms
  2 dart slugs (D:1)
  A leopard gecko (D:1)
  A ball python (D:1)
  5 bats
  4 giant cockroaches (D:1)
  4 goblins
  5 hobgoblins
  13 jackals (D:1)
  3 kobolds (D:1)
  3 rats (D:1)
53 creatures vanquished.
